 Dungeon Crawl Stone Soup version 0.29.0-7-g18a832c13a (webtiles) character file.

Game seed: 10649763748183818002

100 xian the Chucker (level 4, -2/34 HPs)
             Began as a Gnoll Wanderer on Sept 1, 2022.
             Slain by an orc
             ... wielding a +1 dagger of electrocution
              (17 damage)
             ... on level 3 of the Dungeon.
             The game lasted 00:03:49 (2425 turns).

xian the Chucker (Gnoll Wanderer)                   Turns: 2425, Time: 00:03:49

Health: -2/34      AC:  5    Str: 16    XL:     4   Next: 74%
Magic:  6/6        EV: 12    Int: 10    God:
Gold:   135        SH:  0    Dex: 10    Spells: 5/5 levels left

rFire   . . .      SeeInvis .   e - +0 dagger
rCold   . . .      Faith    .   (no shield)
rNeg    . . .      Spirit   .   g - +0 leather armour
rPois   .          Reflect  .   (no helmet)
rElec   .          Harm     .   p - +0 cloak
rCorr   .          Rampage  .   o - +0 pair of gloves
Will    .....                   (no boots)
Stlth   ++........              (no amulet)
HPRegen 0.11/turn               i - ring of flight
MPRegen 0.10/turn               (no ring)

@: flying
A: fangs 1, strong nose, distributed training
a: no special abilities


You were on level 3 of the Dungeon.
You visited 1 branch of the dungeon, and saw 3 of its levels.

You collected 135 gold pieces.

Inventory:

Hand Weapons
 a - a +1 sling
 e - a +0 dagger (weapon)
Missiles
 d - 9 boomerangs (quivered)
Armour
 g - a +0 leather armour (worn)
 o - a +0 pair of gloves (worn)
 p - a +0 cloak (worn)
Jewellery
 i - a ring of flight (left hand)
Wands
 m - a wand of iceblast (10)
 q - a wand of paralysis (9)
Scrolls
 c - a scroll of fear
 h - a scroll of butterflies
 j - a scroll of silence
 k - a scroll of poison
Potions
 b - 2 potions of brilliance
 f - a potion of berserk rage
 l - 2 potions of flight {unknown}
 n - 2 potions of curing
 r - a potion of mutation {unknown}


   Skills:
 + Level 2.8 Fighting
 + Level 1.2 Short Blades
 + Level 1.2 Long Blades
 + Level 1.2 Axes
 + Level 1.2 Maces & Flails
 + Level 1.2 Polearms
 + Level 1.2 Staves
 + Level 2.8 Ranged Weapons
 + Level 6.6 Throwing
 + Level 1.2 Armour
 + Level 2.8 Dodging
 + Level 2.6 Stealth
 + Level 1.2 Shields
 + Level 4.7 Unarmed Combat
 + Level 1.2 Spellcasting
 + Level 1.0 Conjurations
 + Level 1.0 Hexes
 + Level 1.0 Summonings
 + Level 1.0 Necromancy
 + Level 1.0 Translocations
 + Level 1.0 Transmutations
 + Level 1.0 Fire Magic
 + Level 1.0 Ice Magic
 + Level 1.0 Air Magic
 + Level 1.0 Earth Magic
 + Level 1.0 Poison Magic
 + Level 2.9 Invocations
 + Level 1.2 Evocations


You had 5 spell levels left.
You didn't know any spells.
Your spell library was empty.

Dungeon Overview and Level Annotations

Branches:
Dungeon (3/15)

Altars:


Innate Abilities, Weirdness & Mutations

You have very sharp teeth.
Your uncanny sense of smell can sniff out nearby items.
Your experience applies equally to all skills.


Message History

You hear a loud clanging noise!
It was a scroll of noise.
You hear a shout!
As you read the scroll of identify, it crumbles to dust.
n - 2 potions of curing
q - a wand of paralysis (9)
r - a viscous red potion You now have 135 gold pieces (gained 12).
l - 2 purple potions (gained 1)
Found a spear.
A rat comes into view.
Found a book of Death.
An orc comes into view.
It is wielding a +1 dagger of electrocution.
The rat moves out of view.
You shoot a sling bullet.
The sling bullet closely misses the orc.
The orc shouts!
You shoot a sling bullet. The sling bullet hits the rat.
The rat is moderately wounded.
You shoot a sling bullet. The sling bullet hits the rat.
The rat is severely wounded.
You shoot a sling bullet. The sling bullet hits the rat.
You kill the rat!
A worm comes into view.
You shoot a sling bullet. The sling bullet barely misses the orc.
The orc hits you but does no damage.
You are electrocuted!
Ouch! That really hurt!
You are too injured to fight recklessly!
You are too injured to fight recklessly!
Unknown command.
Okay, then.
e - a +0 dagger (weapon)
You hit the orc but do no damage.
The orc hits you with a +1 dagger of electrocution.
You hit the orc.
The orc is moderately wounded.
The orc hits you with a +1 dagger of electrocution.
You are electrocuted!
Ouch! That really hurt!
You die...

.. .. ∆ #w .:. ...# #.#.#
#.$.# #.##.#.# #...#
#.)...o##### #...# #...@...#
#...# ####..####.#
#...#####.....####.########
#...............##........#
##....####.................#
............#..#...........#
............#..............#
..[.........#.#.#..#.......#
##.........##.#>#..#...<...#


You could see a worm and an orc.

Vanquished Creatures
  4 adders
  A dart slug (D:1)
  6 ball pythons
  6 bats
  4 endoplasms
  A giant cockroach (D:1)
  11 goblins
  4 hobgoblins (D:2)
  4 jackals (D:2)
  5 quokkas
  5 frilled lizards
  A kobold (D:2)
  6 rats
58 creatures vanquished.

Notes
Turn   | Place    | Note
-------+----------+-------------------------------------------
     0 | D:1      | xian the Gnoll Wanderer began the quest for the Orb.
     0 | D:1      | xian set off with the following items: a +0 sling, a potion
                  | of brilliance, a scroll of fear, 10 boomerangs, a +0
                  | dagger, a potion of berserk rage, a +0 leather armour.
     0 | D:1      | Reached XP level 1. HP: 17/17 MP: 2/2
   236 | D:1      | Reached XP level 2. HP: 23/23 MP: 3/3
   503 | D:1      | Reached XP level 3. HP: 28/28 MP: 4/4
  1208 | D:2      | Reached skill level 1 in Short Blades
  1208 | D:2      | Reached skill level 1 in Long Blades
  1208 | D:2      | Reached skill level 1 in Axes
  1208 | D:2      | Reached skill level 1 in Maces & Flails
  1208 | D:2      | Reached skill level 1 in Polearms
  1208 | D:2      | Reached skill level 1 in Staves
  1208 | D:2      | Reached skill level 1 in Armour
  1208 | D:2      | Reached skill level 1 in Shields
  1208 | D:2      | Reached skill level 1 in Spellcasting
  1208 | D:2      | Reached skill level 1 in Evocations
  1276 | D:2      | Reached XP level 4. HP: 29/34 MP: 6/6
  1823 | D:2      | Reached skill level 1 in Conjurations
  1823 | D:2      | Reached skill level 1 in Hexes
  1823 | D:2      | Reached skill level 1 in Summonings
  1823 | D:2      | Reached skill level 1 in Necromancy
  1823 | D:2      | Reached skill level 1 in Translocations
  1823 | D:2      | Reached skill level 1 in Transmutations
  1823 | D:2      | Reached skill level 1 in Fire Magic
  1823 | D:2      | Reached skill level 1 in Ice Magic
  1823 | D:2      | Reached skill level 1 in Air Magic
  1823 | D:2      | Reached skill level 1 in Earth Magic
  1823 | D:2      | Reached skill level 1 in Poison Magic
  2425 | D:3      | Slain by an orc

Illustrated notes

Levels and vault maps discovered:
D:1:      minmay_arrival_jagged, layout_basic, serial_forest,
          infiniplex_forest_clump_double, infiniplex_forest_straight_3,
          infiniplex_forest_lined_room_2, infiniplex_forest_straight_5,
          infiniplex_forest_join, infiniplex_forest_end_2, minmay_pentomino_t4
D:2:      kennysheep_the_goblin_king, layout_basic
D:3:      layout_loops_cross, okawaru_altar_gauntlet_db, lemuel_doored_altar,
          mainiacjoe_overflow_surrounded_room, kennysheep_generic_room_5

Skill      XL: |  1  2  3  4 |
---------------+-------------+-----
Short Blades   | 1 |  1.2
Long Blades    | 1 |  1.2
Axes           | 1 |  1.2
Maces & Flails | 1 |  1.2
Polearms       | 1 |  1.2
Staves         | 1 |  1.2
Armour         | 1 |  1.2
Shields        | 1 |  1.2
Spellcasting   | 1 |  1.2
Evocations     | 1 |  1.2
Conjurations   | 1 |  1.0
Hexes          | 1 |  1.0
Summonings     | 1 |  1.0
Necromancy     | 1 |  1.0
Translocations | 1 |  1.0
Transmutations | 1 |  1.0
Fire Magic     | 1 |  1.0
Ice Magic      | 1 |  1.0
Air Magic      | 1 |  1.0
Earth Magic    | 1 |  1.0
Poison Magic   | 1 |  1.0
Fighting       | |  2.8
Ranged Weapons | |  2.8
Throwing       | |  6.6
Dodging        | |  2.8
Stealth        | |  2.6
Unarmed Combat | |  4.7
Invocations    | |  2.9

Action                   |  1- 3 |  4- 6 || total
-------------------------+-------+-------++-------
Melee: Dagger            |       |     5 ||     5
       Punch             |       |     1 ||     1
 Fire: Sling             |   131 |    48 ||   179
Throw: Boomerang         |     6 |       ||     6
  Use: Scroll            |     4 |     3 ||     7
Armor: Leather armour    |    30 |     8 ||    38
Dodge: Dodged            |    44 |    26 ||    70
